 Dungeon Crawl Stone Soup version 0.20.1-1-g8b1a95d66d (webtiles) character file.

462 DasOzelotvonnebenan the Shield-Bearer (level 7, -6/43 HPs)
             Began as a Gargoyle Fighter on Nov 17, 2017.
             Was an Initiate of Ru.
             Mangled by an ogre
             ... wielding a +0 giant spiked club
              (20 damage)
             ... on level 5 of the Dungeon.
             The game lasted 00:11:17 (3382 turns).

DasOzelotvonnebenan the Shield-Bearer (GrFi)        Turns: 3382, Time: 00:11:17

Health: -6/43      AC: 11    Str: 21    XL:     7   Next: 7%
Magic:  7/7        EV:  8    Int:  9    God:    Ru [......]
Gold:   223        SH: 10    Dex:  9    Spells: 6/6 levels left

rFire    + . .     SeeInvis .   a - +0 flail
rCold    x . .     Gourm    .   c - +1 shield
rNeg     + . .     Faith    .   b - +0 scale mail
rPois    ∞         Spirit   .   (no helmet)
rElec    +         Reflect  .   (no cloak)
rCorr    .         Harm     .   (no gloves)
MR       .....                  (no boots)
Stlth    ..........             (no amulet)
Regen    0.2/turn               h - ring of fire
MPRegen  0.1/turn               (no ring)

@: no status effects
A: negative energy resistance 1, electricity resistance, unbreathing,
petrification resistance, rot immunity, disrupted magic 1, AC +4
a: Renounce Religion


You were on level 5 of the Dungeon.
You worshipped Ru.
Ru was noncommittal.
You were very hungry.

You visited 1 branch of the dungeon, and saw 5 of its levels.

You collected 223 gold pieces.

Inventory:

Hand Weapons
 a - a +0 flail (weapon)
Missiles
 q - 2 throwing nets (quivered)
Armour
 b - a +0 scale mail (worn)
 c - a +1 shield (worn)
 g - a +0 ring mail
Jewellery
 h - a ring of fire (left hand)
Wands
 u - a wand of random effects (26/48)
 w - a wand of enslavement (15/24)
Scrolls
 d - a scroll of blinking
 m - a scroll of enchant armour
 n - a scroll of magic mapping
Potions
 e - 2 potions of haste
 i - a potion of berserk rage
 k - 2 potions of brilliance
 l - a potion of degeneration {unknown}
 o - a potion of agility {unknown}
 t - a potion of flight {unknown}
 v - a potion of curing
Comestibles
 f - 3 bread rations
 j - a meat ration
 p - 2 royal jellies
 s - 4 fruits


   Skills:
 + Level 4.0 Fighting
 + Level 4.8 Maces & Flails
 + Level 4.3 Armour
 + Level 1.4 Dodging
 + Level 1.4 Stealth
 + Level 5.0 Shields


You had 6 spell levels left.
You didn't know any spells.

Dungeon Overview and Level Annotations

Branches:
Dungeon (5/15)             Temple (0/1) D:5

Altars:
Kikubaaqudgha
Okawaru
Ru
Xom
The Shining One


Innate Abilities, Weirdness & Mutations

You are resistant to torment.
Your stone body is resilient. (AC +4)
You are immune to poison.
You resist negative energy. (rN+)
You are resistant to electric shocks. (rElec)
You can survive without breathing.
You are immune to petrification.
You are immune to rotting.
Your casting is slightly disrupted.


Message History

The ogre hits you with a giant spiked club!
You hit the ogre.
The ogre is lightly wounded.
The ogre hits you with a giant spiked club!!
The crimson imp hits you but does no damage.
You hit the ogre.
The ogre is moderately wounded.
You block the ogre's attack.
The crimson imp hits you but does no damage.
You sock the ogre!
The ogre is heavily wounded.
You block the crimson imp's attack. You block the ogre's attack.
You hit the ogre.
The ogre is severely wounded.
You block the crimson imp's attack. You block the ogre's attack.
You barely miss the ogre.
The ogre is severely wounded.
You block the crimson imp's attack.
The crimson imp blinks!
The ogre hits you with a giant spiked club!!
You die...

#.# #.#
#...#
#####.###.#
##..#
..........#
#..#
#####.#####
#..# #.#
#..# #.#
#..# #.#
#..# #.#
#.§#### ..#
#.@O..# ..
#.###.# #.#
# #.# ...
.5...
#.....#
..._...
.#.......


You could see an ogre and a crimson imp.

Vanquished Creatures
  2 ogres (D:4)
  A howler monkey (D:4)
  The ghost of zx48k the Sneak, a weakling OpWz (D:3)
  A bullfrog skeleton (D:4)
  2 worker ants (D:4)
  7 adders
  2 worms (D:2)
  2 dart slugs (D:1)
  3 leopard geckos
  3 orcs
  A ball python (D:3)
  6 giant cockroaches
  5 goblins
  8 hobgoblins
  2 jackals (D:1)
  2 quokkas
  7 bats
  7 frilled lizards
  A jackal skeleton (D:4)
  6 kobolds
  8 rats
77 creatures vanquished.

Notes
Turn   | Place    | Note
-------+----------+-------------------------------------------
     0 | D:1      | DasOzelotvonnebenan the Gargoyle Fighter began the quest for the Orb.
     0 | D:1      | Reached XP level 1. HP: 14/14 MP: 1/1
   117 | D:1      | Reached XP level 2. HP: 15/19 MP: 2/2
   527 | D:1      | Reached XP level 3. HP: 23/23 MP: 3/3
   890 | D:2      | Reached skill level 4 in Shields
  1299 | D:3      | Reached XP level 4. HP: 27/28 MP: 4/4
  1554 | D:3      | Found a sacrificial altar of Ru.
  1587 | D:3      | Became a worshipper of Ru the Awakened
  1663 | D:3      | Noticed zx48k's ghost (weakling OpWz)
  1674 | D:3      | Killed zx48k's ghost
  1674 | D:3      | Reached XP level 5. HP: 14/32 MP: 5/5
  2014 | D:4      | Noticed an ogre
  2021 | D:4      | HP: 1/32 [ogre/giant spiked club (13)]
  2027 | D:4      | Killed an ogre
  2027 | D:4      | Reached skill level 1 in Dodging
  2027 | D:4      | Reached skill level 1 in Stealth
  2027 | D:4      | Reached XP level 6. HP: 18/38 MP: 6/6
  2086 | D:4      | Found a glowing golden altar of the Shining One.
  2086 | D:4      | Found an ancient bone altar of Kikubaaqudgha.
  2285 | D:4      | Found an iron altar of Okawaru.
  2732 | D:4      | Reached skill level 5 in Shields
  2798 | D:4      | Reached XP level 7. HP: 19/43 MP: 7/7
  3271 | D:5      | Entered Level 5 of the Dungeon
  3272 | D:5      | Found a staircase to the Ecumenical Temple.
  3283 | D:5      | Gained mutation: Your casting is slightly disrupted. [Ru sacrifice]
  3369 | D:5      | Found a shimmering altar of Xom.
  3382 | D:5      | Mangled by an ogre

Skill      XL: |  1  2  3  4  5  6 |
---------------+-------------------+-----
Shields        | 4 5 |  5.0
Maces & Flails | 3 4 |  4.8
Armour         | 4 |  4.3
Dodging        | 1 |  1.4
Stealth        | 1 |  1.4
Fighting       | 4 |  4.0

Action                   |  1- 3 |  4- 6 |  7- 9 || total
-------------------------+-------+-------+-------++-------
Melee: Flail             |   163 |   142 |    18 ||   323
Invok: Sacrifice Essence |       |       |     1 ||     1
  Use: Scroll            |     7 |     2 |     2 ||    11
       Potion            |       |     4 |       ||     4
 Stab: Paralysed         |       |     2 |       ||     2
  Eat: Chunk             |     2 |     3 |     2 ||     7
Armor: Scale mail        |   107 |    84 |    11 ||   202
Dodge: Dodged            |    48 |    64 |     6 ||   118
Block: Shield            |   121 |    93 |    16 ||   230
